[Event "3rd Caraca Open 2022"]
[Site "Catas Altas"]
[Date "2022.07.10"]
[Round "5.2"]
[White "Languidey, Simon Alejandro"]
[Black "Diamant, Andre"]
[Result "1/2-1/2"]
[ECO "B26"]
[WhiteElo "2424"]
[BlackElo "2538"]
[Annotator "TA"]
[PlyCount "115"]
[EventDate "2022.06.28"]
[EventCountry "BRA"]
[SourceTitle "playchess.com"]
[Source "ChessBase"]
[SourceQuality "1"]
[TimeControl "900+5"]

1. e4 c5 2. Nc3 Nc6 3. g3 g6 4. Bg2 Bg7 5. d3 d6 6. Be3 Rb8 7. Qd2 b5 8. a3 a5 {[%emt 0:00:05] B26: Closed Sicilian: 3 g3, lines with early Be3.} 9. Nge2 b4 10. axb4 axb4 {[%emt 0:00:05] The position is equal.} 11. Nd1 e5 12. O-O Nge7 13. Bh6 O-O 14. Bxg7 Kxg7 15. Ne3 Be6 16. f4 {[%emt 0:00:05] [#]} exf4 $146 ({Predecessor:} 16... f6 17. f5 Bf7 18. fxg6 hxg6 19. Ng4 Ng8 20. Bh3 Qe7 21. Ne3 Nd4 22. Nxd4 cxd4 {0-1 (47) Horvat,D (2095)-Balla,T (2260) Predeal 2007}) 17. gxf4 f6 18. f5 Bf7 (18... gxf5 $14 19. Nf4 (19. exf5 Bc8 $14) (19. Nxf5+ Bxf5 20. exf5 Kh8 $14) 19... Bc8) 19. fxg6 $16 hxg6 20. Rf2 Qd7 (20... Ne5 $142) 21. Raf1 $1 Bg8 22. Nf4 {[%emt 0:00:05] Prevents d5.} Be6 {[%emt 0:00:05] Inhibits Bh3.} 23. Ned5 Ng8 (23... Ne5 $16) 24. Qe3 {[%emt 0:00:05][%cal Of4g6] Strongly threatening Nxg6!} (24. Nxe6+ $6 Qxe6 25. Nf4 Qe5 $18) 24... Ne5 25. Qg3 Bxd5 26. exd5 (26. Nxd5 $6 Qg4 $16) 26... Rbe8 27. Bh3 {[%emt 0:00:05] Inhibits Qg4.} f5 28. Rg2 Qf7 {[%emt 0:00:05] [#]} (28... Ne7 {was necessary.} 29. Ne6+ Kh8 30. Nxf8 Rxf8) 29. Nh5+ $2 (29. Bxf5 $1 $18 Qxf5 30. Ne6+ Rxe6 31. Rxf5) 29... Kh8 $11 30. Nf4 Ne7 (30... Kg7 $11 {remains equal.}) 31. Ne6 $16 Rg8 $2 (31... Qf6 $16 {is tougher.} 32. Rgf2 (32. Nxf8 Rxf8 33. Rgf2 Ra8 $16) 32... Rf7) 32. Ng5 $2 (32. Qh4+ $18 Qh7 33. Qf6+ Rg7 34. Nxg7 Qxg7 35. Qxd6) 32... Qf6 $2 (32... Qxd5 $11 33. Rgf2 (33. Qh4+ Kg7 $15) 33... Kg7) 33. Qh4+ Kg7 34. Ne6+ (34. Qh7+ $142 Kf8 35. Ne6+ Qxe6 36. dxe6 Ra8 37. Bxf5 $1 Ke8 38. Be4 Nd7 39. Bxa8) 34... Kf7 $18 35. Qh7+ Rg7 36. Nxg7 Qxg7 {[#]} 37. Qh4 (37. Bxf5 $1 $18 Qxh7 38. Bxg6+ Kg8 39. Bxe8+ Kh8 40. Rf8+ Ng8 41. b3) 37... Rh8 $1 $17 38. Qg3 {[%emt 0:00:05][%cal Oh3f5] Hoping for Bxf5!} Qf6 ({Black should try} 38... Qh6 $1 $17 39. Bg4 (39. d4 $2 cxd4 40. Bg4 Nxd5 $19) 39... Nxd5) 39. Re2 $11 Nxd5 40. Bg2 Ne7 41. Ree1 ({White should play} 41. c3 $11) 41... Ng4 (41... g5 $15) 42. h3 Qd4+ (42... Ne5 $11) 43. Kh1 $16 Ne5 $2 {[%emt 0:00:05][%mdl 8192] [#]} (43... Nf6 $16 {is a better defense.} 44. Rxe7+ Kxe7) 44. b3 $2 ({Only move:} 44. Re4 $1 $18 Qxb2 45. d4 cxd4 46. Rxe5 dxe5 47. Qxe5) 44... Qc3 45. Re2 Qd4 46. Ree1 Kf6 47. Ra1 Qc3 {[%emt 0:00:05][%mdl 1024] Black has compensation.} 48. Ra6 (48. Ra7 Qxc2 49. Re1 (49. h4 Qd2 $17) 49... Qc3 $17) 48... Ke6 49. Qf2 g5 50. Ra7 {[%emt 0:00:05] [#]} (50. Ra8 $11 Rh5 51. Re8) 50... f4 $1 $17 {[%emt 0:00:05][%cal Of4f3] aiming for ...f3!} 51. Re1 ({Wrong is} 51. Qe2 $2 Nf5 52. Kg1 Ng3 $19) (51. Ra8 $17 {was called for.} Rxa8 52. Bxa8) 51... Kf6 (51... Nf5 $19 {White must now prevent ...g4.} 52. Kg1 Qd4) 52. Ra6 Nc8 {[%emt 0:00:05] Pair of Knights!} (52... Nf5 $17 {Threatens to win with ...Ng4.} 53. Kg1 Ke6) 53. Re2 (53. Kg1 $14) 53... Ke6 (53... Kg7 $11 54. Bf1 Rh5) 54. Qf3 $36 {[%emt 0:00:05][%mdl 2048] White fights for an advantage.} Qd4 {[%emt 0:00:05] Against Qd5+} 55. Qb7 ({Better is} 55. Re4 $14 Kd7 56. Qf1 (56. Rxd4 Nxf3 57. Rd5 Nd4 $11) (56. Rxe5 Qxe5 57. Qg4+ Ke7 $11)) 55... Kf6 $11 {[%emt 0:00:05][%cal Of4f3] ...f3! is the strong threat.} 56. Qe4 {[%emt 0:00:05] Inhibits f3.} (56. Re4 $11 {deserves consideration.} Qb2 57. Re1) 56... f3 (56... Qxe4 $15 57. Rxe4 Kf5) 57. Bxf3 $14 {[%emt 0:00:05] The board is on fire.} Rxh3+ 58. Kg2 {[%emt 0:00:05] Weighted Error Value: White=0.62/Black=0.71} 1/2-1/2

[Event "3rd Caraca Open 2022"]
[Site "Catas Altas"]
[Date "2022.07.10"]
[Round "5.3"]
[White "Supi, Luis Paulo"]
[Black "Ribeiro, Braulio Silva"]
[Result "1-0"]
[ECO "C55"]
[WhiteElo "2603"]
[BlackElo "1911"]
[Annotator "TA"]
[PlyCount "81"]
[EventDate "2022.06.28"]
[EventCountry "BRA"]
[SourceTitle "playchess.com"]
[Source "ChessBase"]
[SourceQuality "1"]
[TimeControl "900+5"]

1. e4 e5 2. Nf3 Nc6 3. Bc4 Be7 4. O-O Nf6 5. d3 O-O 6. Re1 d6 7. a4 Bg4 8. h3 {[%emt 0:00:02] C55: Two Knights: 4 d3, 4 d4 exd4 5 e5 and Max Lange Attack.} Bh5 9. c3 h6 10. Nbd2 {[%emt 0:00:01] White is slightly better.} Re8 {[%emt 0:00:15] [#]} 11. b4 $146 ({Predecessor:} 11. Nf1 Nh7 12. Ng3 Bg6 13. a5 a6 14. b4 Ng5 15. Nh2 Ne6 16. Ng4 Bg5 17. Ne3 {½-½ (29) Fasshauer,J (2062)-Engert,K (1718) Aurich 2018}) 11... d5 12. exd5 Nxd5 13. Ne4 Bf8 14. Bd2 Bg6 (14... Nf6 $14) 15. Qb3 $2 (15. b5 $16) 15... Nb6 $11 16. Rad1 (16. Bb5 $5 a5 17. Qb2 $11) 16... Nxc4 (16... a6 {with more complications.} 17. Be3 Nxc4 18. Qxc4 Bf5) 17. dxc4 Qc8 18. Bc1 (18. c5 $11) 18... f5 19. Ng3 e4 20. Nh4 {[%emt 0:00:31] [#]} (20. Nd4 $142) 20... Bh7 $1 $17 21. c5+ Kh8 22. Nh5 Ne5 23. Be3 {[%emt 0:00:52] [#]} (23. a5 $17) 23... Be7 $1 $19 24. f4 Bxh4 25. fxe5 Bxe1 26. Rxe1 (26. Qf7 $17 {was necessary.} Rg8 27. Rxe1) 26... Qe6 (26... Bg8 $19 27. Qd1 a5) 27. Qb2 (27. Qxe6 $17 Rxe6 28. Rd1) 27... Rad8 ({Resist} 27... Qxe5 28. Bd4 Qe7 29. Nxg7 $16) (27... Qf7 $19 28. Qe2 Bg6) 28. Bd4 $17 Qc4 29. Qf2 Re7 30. Kh2 a5 (30... b6 $17 31. Qg3 Rdd7) 31. bxa5 $15 Red7 (31... Kg8 $15) 32. Qg3 $1 $14 {[%emt 0:00:14][%cal Oe5e6] aiming for e6!} Qf7 {[%emt 0:00:18][%mdl 8192] A mistake that costs the game.} (32... Qxa4 $2 33. e6 Qxd4 34. cxd4 $18) (32... Qe6 $14) 33. e6 $1 $18 {[%emt 0:00:08] White is clearly winning.} Qxe6 34. Bxg7+ Kg8 35. Bf6+ {[%emt 0:00:11][%mdl 64] Discovered Attack} Kf8 36. Bxd8 Qg6 37. Qxg6 Bxg6 38. Nf4 {[%emt 0:00:00] And now c6 would win.} Rxd8 39. Nxg6+ Kg7 40. Nf4 {[%emt 0:00:01] Hoping for Ne6+.} Kf6 {[%emt 0:00:09] Inhibits Ne6.} 41. Rb1 {[%emt 0:00:13] Weighted Error Value: White=0.33/Black=0.31} 1-0

[Event "3rd Caraca Open 2022"]
[Site "Catas Altas"]
[Date "2022.07.10"]
[Round "5.4"]
[White "Gomes, Luiz Alexandre de So"]
[Black "Barreto de Jesus, Leonardo"]
[Result "1-0"]
[ECO "B30"]
[WhiteElo "2335"]
[BlackElo "1781"]
[Annotator "RC"]
[PlyCount "51"]
[EventDate "2022.06.28"]
[EventCountry "BRA"]
[SourceTitle "playchess.com"]
[Source "ChessBase"]
[SourceQuality "1"]
[TimeControl "900+5"]

1. e4 c5 2. Nf3 g6 3. c3 Bg7 4. d3 Nc6 5. Nbd2 Nf6 6. Be2 d5 7. O-O O-O 8. Qc2 Bg4 9. h3 Bxf3 10. Nxf3 e5 11. Re1 Rc8 12. Bf1 d4 13. Bd2 Nh5 14. Rad1 f5 15. exf5 gxf5 16. Qb3+ Kh8 17. Qxb7 Rc7 18. Qb5 Qd6 19. cxd4 cxd4 20. b3 h6 21. Rc1 Rfc8 22. Rc4 Kh7 23. Rec1 Nf6 24. Nh4 f4 25. Be2 Nd5 26. Bg4 1-0

[Event "3rd Caraca Open 2022"]
[Site "Catas Altas"]
[Date "2022.07.10"]
[Round "5.5"]
[White "Monteiro, Daniel Zotelli"]
[Black "Crespo De Oliveira, Lucas"]
[Result "1/2-1/2"]
[ECO "B60"]
[WhiteElo "1642"]
[BlackElo "2197"]
[Annotator "RC"]
[PlyCount "133"]
[EventDate "2022.06.28"]
[EventCountry "BRA"]
[SourceTitle "playchess.com"]
[Source "ChessBase"]
[SourceQuality "1"]
[TimeControl "900+5"]

1. e4 c5 2. Nf3 d6 3. d4 cxd4 4. Nxd4 Nf6 5. Nc3 Nc6 6. Bg5 Qb6 7. Nb3 e6 8. Be2 Be7 9. Be3 Qc7 10. Qd2 a6 11. O-O b5 12. a3 Ne5 13. Qd4 Rb8 14. Qa7 Qxa7 15. Bxa7 Rb7 16. Bd4 Nc4 17. Rab1 e5 18. Be3 Nxe3 19. fxe3 Be6 20. Na5 Rc7 21. Bf3 O-O 22. Rfd1 Rfc8 23. Rd2 Rb8 24. Nd5 Bxd5 25. exd5 e4 26. Bd1 Rc5 27. Nc6 Re8 28. Nb4 a5 29. Na6 Rxd5 30. Rxd5 Nxd5 31. Kf2 Bg5 32. Be2 Bxe3+ 33. Ke1 b4 34. Rd1 bxa3 35. bxa3 Nf4 36. g3 Nxe2 37. Kxe2 Bc5 38. Nxc5 dxc5 39. Rd5 Rc8 40. Ke3 g6 41. Kxe4 Kg7 42. Kd3 a4 43. Kc4 Re8 44. Rd2 Re3 45. c3 g5 46. Rc2 Re5 47. Kb5 f5 48. Kxa4 Kf6 49. Kb5 f4 50. gxf4 gxf4 51. a4 Kf5 52. a5 c4+ 53. Kxc4 Rxa5 54. Kd4 Kg4 55. Ke4 f3 56. Ke3 Re5+ 57. Kf2 Kf4 58. c4 Rh5 59. Kg1 Rg5+ 60. Kf1 Rc5 61. Kf2 Rg5 62. Kf1 Ke4 63. c5 Kd3 64. Rf2 Ke3 65. Rc2 Kd3 66. Rf2 Ke3 67. Rc2 1/2-1/2

[Event "3rd Caraca Open 2022"]
[Site "Catas Altas"]
[Date "2022.07.10"]
[Round "6.1"]
[White "Mareco, Sandro"]
[Black "Supi, Luis Paulo"]
[Result "1/2-1/2"]
[ECO "D31"]
[WhiteElo "2657"]
[BlackElo "2603"]
[Annotator "TA"]
[PlyCount "39"]
[EventDate "2022.06.28"]
[EventCountry "BRA"]
[SourceTitle "playchess.com"]
[Source "ChessBase"]
[SourceQuality "1"]
[TimeControl "900+5"]

1. d4 d5 2. c4 e6 3. Nf3 a6 4. cxd5 exd5 5. Nc3 h6 6. Bf4 {[%emt 0:03:22] D31: Queen's Gambit Declined: Semi-Slav without ...Nf6 (+ Marshall Gambit and Noteboom) and Exchange Variation lines without ...Nf6.} Nf6 7. Rc1 Bd6 {[%emt 0:01:47] [#]} 8. Be5 $146 {[%emt 0:00:01] White has an edge.} ({Predecessor:} 8. Bxd6 Qxd6 9. e3 O-O 10. Bd3 Bg4 11. h3 Bxf3 12. Qxf3 Nbd7 13. O-O c6 14. Rfd1 {0-1 (46) Petrovic,A (2296)-Grandelius,N (2672) Chess.com INT 2022}) 8... Be6 9. Qb3 O-O 10. Qxb7 Nbd7 11. Bxd6 cxd6 12. Qb4 Rb8 13. Qa3 Qb6 14. e3 Qxb2 {[%emt 0:02:01] The position is equal.} 15. Qxb2 Rxb2 16. Bxa6 Ne4 {[%emt 0:00:10] [#] Hoping for ...Nxc3.} 17. O-O Nxc3 18. Rxc3 Rxa2 19. Bd3 Nf6 20. Rc2 {[%emt 0:06:50] Weighted Error Value: White=0.05 (flawless) /Black=0.03 (flawless)} 1/2-1/2

[Event "3rd Caraca Open 2022"]
[Site "Catas Altas"]
[Date "2022.07.10"]
[Round "6.2"]
[White "Diamant, Andre"]
[Black "Gazel, Frederico"]
[Result "0-1"]
[ECO "C24"]
[WhiteElo "2538"]
[BlackElo "2300"]
[Annotator "TA"]
[PlyCount "68"]
[EventDate "2022.06.28"]
[EventCountry "BRA"]
[SourceTitle "playchess.com"]
[Source "ChessBase"]
[SourceQuality "1"]
[TimeControl "900+5"]

1. e4 e5 2. Bc4 Nf6 3. d3 c6 4. Nf3 d5 5. Bb3 dxe4 (5... Bd6 $11) 6. Ng5 $14 {[%emt 0:00:05] C24: Bishop's Opening: 2...Nf6.} Bg4 (6... Be6 $1 $14) 7. Qd2 $2 (7. Bxf7+ $16 Ke7 8. Qd2) 7... Bh5 $1 $11 {[%emt 0:00:05] [#] And now ...exd3 would win.} (7... Nd5 8. dxe4 f6 9. h3 $16 (9. exd5 fxg5 10. Qc3 Qd6 $16)) 8. dxe4 $146 {[%emt 0:00:05][%cal Ob3f7] Hoping for Bxf7+! The position is equal.} ({Predecessor:} 8. Nxe4 Nxe4 9. dxe4 Qh4 10. O-O Nd7 11. Nc3 Bc5 12. Qe1 Nf6 13. h3 Bg4 14. Be3 Bxh3 15. gxh3 Qxh3 {1-0 (22) Kostic,V (2422)-Plachetka,J (2406) Austria 2008}) 8... Qc7 9. Nc3 Na6 10. f3 Bc5 11. Qe2 O-O 12. Bd2 h6 13. Nh3 b5 (13... Bg6 $11) 14. O-O-O (14. Nf2 $14) 14... Bd4 15. g4 $1 Bg6 16. f4 exf4 17. Nxf4 Bh7 18. Nd3 (18. h4 $1 $15 Bxc3 19. bxc3 Nxe4 20. g5) 18... Rfe8 (18... Rae8 $17 {Threatens to win with ...Bxc3.} 19. Rhf1 (19. Bf4 $2 Qa5 $17) 19... Nxe4 20. Nxe4 Bxe4) 19. Rdf1 $2 (19. Rhf1 $15) 19... b4 $1 $19 ({Weaker is} 19... Bxe4 20. Rxf6 $1 Bxd3 21. Rxf7 Bxe2 22. Rxc7+ Kh8 23. Nxe2 $1 (23. Rxc6 Bf3 $15) 23... Rxe2 24. Rxc6 $16) 20. Nd1 (20. h4 bxc3 21. bxc3 Bxe4 22. cxd4 Bxh1 23. Ne5) 20... Rxe4 (20... Bxe4 $142 21. Rxf6 Bxf6) 21. Qf3 Rxg4 22. Bf4 Qa5 ({Better is} 22... Qb6 $19 23. N1f2 Rh4) 23. Re1 {[%emt 0:00:05] Inhibits Be4.} (23. N1f2 $17 {only move.} Bxd3 24. Nxg4 Bxf1 25. Nxf6+ Bxf6 26. Qxc6) 23... Bxd3 24. cxd3 Nc5 {[%cal Og4f4] ...Rxf4! is the strong threat.} 25. Bc4 Ne6 26. Bd2 Re8 (26... Qc5 $19 {Strongly threatening ...Ng5.} 27. Rhf1 Rh4) 27. Qxc6 $17 Qc5 28. Qf3 (28. Qxc5 $15 Bxc5 29. Ne3) 28... Be5 $36 {[%emt 0:00:05][%mdl 2048] White is under strong pressure.} 29. Kb1 {[%emt 0:00:05][%cal Od2b4] [#]} Rd8 {[%emt 0:00:05] 0x0.0022fd4eefcfdp-1022s more active pieces. The white rooks are badly placed.} (29... Ng5 $1 $17 30. Qb7 Rb8) 30. Rhf1 (30. Bc1 $15) 30... Rxc4 $19 31. dxc4 Rxd2 32. Qf5 {[%emt 0:00:05] [#]} Qd4 $1 {[%emt 0:00:05][%cal Od2d1] ( -> ...Rxd1+!)} 33. Rxe5 (33. Qxe5 Rxd1+) 33... Rxd1+ 34. Kc2 Rxf1 {[%emt 0:00:05] Weighted Error Value: White=1.15/Black=0.35} (34... Rd2+ $142 35. Kb3 Rxb2+ 36. Ka4 Rxa2+ 37. Kxb4 Qb2#) 0-1

[Event "3rd Caraca Open 2022"]
[Site "Catas Altas"]
[Date "2022.07.10"]
[Round "6.3"]
[White "Gomes, Luiz Alexandre de So"]
[Black "Campos, Igor Ribeiro"]
[Result "1/2-1/2"]
[ECO "C00"]
[WhiteElo "2335"]
[BlackElo "2197"]
[Annotator "RC"]
[PlyCount "20"]
[EventDate "2022.06.28"]
[EventCountry "BRA"]
[SourceTitle "playchess.com"]
[Source "ChessBase"]
[SourceQuality "1"]
[TimeControl "900+5"]

1. e4 e6 2. d3 d5 3. Nd2 Nf6 4. Ngf3 Be7 5. g3 c5 6. Bg2 Nc6 7. O-O O-O 8. c3 b6 9. Qc2 Ba6 10. Re1 Qc7 1/2-1/2

[Event "3rd Caraca Open 2022"]
[Site "Catas Altas"]
[Date "2022.07.10"]
[Round "6.4"]
[White "Casalaspro, Mathias Andre"]
[Black "Languidey, Simon Alejandro"]
[Result "0-1"]
[ECO "C11"]
[WhiteElo "1749"]
[BlackElo "2424"]
[Annotator "RC"]
[PlyCount "106"]
[EventDate "2022.06.28"]
[EventCountry "BRA"]
[SourceTitle "playchess.com"]
[Source "ChessBase"]
[SourceQuality "1"]
[TimeControl "900+5"]

1. e4 e6 2. d4 d5 3. Nc3 Nf6 4. e5 Nfd7 5. f4 c5 6. Nf3 Nc6 7. Be3 a6 8. dxc5 Bxc5 9. Bxc5 Nxc5 10. Qd2 b5 11. b4 Nd7 12. a3 Bb7 13. Bd3 Qb6 14. Qf2 Rc8 15. Ne2 Qxf2+ 16. Kxf2 Nb6 17. c3 Ke7 18. Nfd4 Rc7 19. Nb3 Nb8 20. Na5 Rhc8 21. Rhc1 N8d7 22. Ke3 Ba8 23. Kd2 Nc4+ 24. Bxc4 dxc4 25. g3 Nb6 26. Rd1 Bf3 27. Ke3 Bg4 28. Rac1 f6 29. exf6+ gxf6 30. Rd2 Bxe2 31. Kxe2 Nd5 32. f5 Rd8 33. fxe6 Rd6 34. Kf3 Nb6 35. Rxd6 Kxd6 36. Rd1+ Kxe6 37. Ke4 f5+ 38. Kf3 Nd5 39. Re1+ Kd6 40. Rd1 Ke5 41. Re1+ Kf6 42. Rc1 h5 43. h4 Re7 44. Nc6 Re3+ 45. Kf2 Rxc3 46. Rd1 Ne3 47. Rd6+ Kf7 48. Ne5+ Ke7 49. Rxa6 Rb3 50. Nc6+ Kd7 51. Nd4 Ng4+ 52. Kg2 Rb2+ 53. Kf3 Rf2# 0-1

[Event "3rd Caraca Open 2022"]
[Site "Catas Altas"]
[Date "2022.07.10"]
[Round "7.1"]
[White "Languidey, Simon Alejandro"]
[Black "Mareco, Sandro"]
[Result "1/2-1/2"]
[ECO "C54"]
[WhiteElo "2424"]
[BlackElo "2657"]
[Annotator "TA"]
[PlyCount "29"]
[EventDate "2022.06.28"]
[EventCountry "BRA"]
[SourceTitle "playchess.com"]
[Source "ChessBase"]
[SourceQuality "1"]
[TimeControl "900+5"]

1. e4 e5 2. Nf3 Nc6 3. Bc4 Bc5 4. c3 Nf6 5. d4 exd4 6. cxd4 Bb4+ 7. Bd2 Bxd2+ 8. Nbxd2 d5 9. exd5 Nxd5 10. Qb3 {[%emt 0:00:40] [#]} Na5 $146 ({Predecessor:} 10... Nce7 11. O-O O-O 12. Rfe1 c6 13. Ne4 Nb6 14. Bf1 h6 15. Nc5 Qc7 16. Ne5 Nbd5 17. Rad1 b6 18. Ne4 Be6 19. a3 Rad8 20. Qc2 Rfe8 21. h3 {½-½ (59) Aronian,L (2782)-Mamedyarov,S (2782) chess24.com INT 2021}) 11. Qa4+ Nc6 12. Qb3 Na5 13. Qa4+ Nc6 14. Qb3 Nf6 {[%emt 0:10:42] [#] C54: Giuoco Piano: 4 c3 Nf6, main lines with 5 d4 and 5 d3.} (14... Na5 $11 {and Black is okay.} 15. Qa4+) 15. Nb1 $2 (15. Bxf7+ $18 Kf8 16. Bc4) 1/2-1/2

[Event "3rd Caraca Open 2022"]
[Site "Catas Altas"]
[Date "2022.07.10"]
[Round "7.2"]
[White "Supi, Luis Paulo"]
[Black "Gazel, Frederico"]
[Result "1-0"]
[ECO "C54"]
[WhiteElo "2603"]
[BlackElo "2300"]
[Annotator "TA"]
[PlyCount "160"]
[EventDate "2022.06.28"]
[EventCountry "BRA"]
[SourceTitle "playchess.com"]
[Source "ChessBase"]
[SourceQuality "1"]
[TimeControl "900+5"]

1. e4 e5 2. Nf3 Nc6 3. Bc4 Bc5 4. d3 Nf6 5. Bg5 d6 6. c3 h6 7. Bh4 a6 8. Nbd2 {[%emt 0:00:07] C54: Giuoco Piano: 4 c3 Nf6, main lines with 5 d4 and 5 d3.} O-O 9. a4 a5 10. O-O {[%emt 0:00:06] White is slightly better.} Qe7 {[%emt 0:00:01] [#]} 11. Re1 $146 ({Predecessor:} 11. h3 Bd7 12. Qc2 Rac8 13. Bd5 Ra8 14. Rfe1 Rfd8 15. Rad1 g5 16. Bg3 Re8 17. Bh2 {1-0 (48) Lipsits,S (1785)-Faust,D (1662) FICGS email 2014}) 11... Be6 12. Bb5 g5 13. Bg3 Nh5 {[%emt 0:02:15] [#]} (13... Rfd8 $14) 14. Nf1 (14. Nxe5 $1 $16 Nxe5 15. Qxh5) 14... Nxg3 $11 15. hxg3 Qf6 16. Ne3 Ne7 17. d4 Ba7 18. g4 c6 {[%emt 0:00:23] Threatens to win with ...exd4.} 19. Bc4 Rfd8 20. Bxe6 Qxe6 21. Nf5 Qf6 22. dxe5 {[%emt 0:00:27] White is more active.} dxe5 23. Qe2 Rd7 24. Rad1 ({Wrong is} 24. Nxe5 $2 Qxe5 25. Rad1 Rxd1 26. Qxd1 Nxf5 27. exf5 Qf4 $19) 24... Rad8 25. Rd2 Kh7 26. g3 Qe6 27. Rxd7 Rxd7 28. Kg2 {[%emt 0:00:02] Rh1 is the strong threat.} f6 29. Rd1 Bb6 30. Rd2 Bc5 31. Kf1 Rxd2 32. Nxd2 Nxf5 33. exf5 $14 {[%emt 0:00:08][%mdl 4096] Endgame KQB-KQN} Qd5 34. Ne4 Be7 35. Kg2 Kg7 36. f3 (36. c4 $14 Qd4 37. b3) 36... Kf7 37. Qc2 Bf8 38. Kf2 Be7 39. b3 Bf8 40. Ke2 Be7 41. Kf2 Bf8 42. Ke2 Be7 $1 43. Qb1 Bf8 44. Kf2 Be7 45. Kg2 Bf8 46. Qc2 Be7 47. Qb1 Bf8 48. Kf2 Be7 $1 49. Kg2 Bf8 $1 50. b4 ({White should play} 50. Kf1 $14) 50... axb4 $11 51. cxb4 Qc4 52. Qd1 {[%emt 0:00:14] Intending Qd7+ and mate.} Be7 53. Qd7 {[%emt 0:00:08] White threatens Nd6+ and mate.} Qxb4 54. Qe6+ Kg7 55. a5 Qa3 56. Qd7 {[%emt 0:00:02][%mdl 1024] White has compensation.} Qb4 (56... Kf7 $11) 57. Kh3 $2 ({White has to play} 57. Qe8 $18) 57... Kf8 58. Qc8+ Kg7 $2 (58... Kf7 $1 $11) 59. Qe8 $18 Qa3 {[%emt 0:00:13] [#]} 60. Kg2 $2 ({White should try} 60. a6 $1 $18 bxa6 61. Qg6+ Kf8 62. Nxf6 (62. Qxh6+ Ke8 $11) 62... Bxf6 63. Qxf6+ Ke8 64. Qxc6+ (64. Qxe5+ Kd7 $11) 64... Ke7 65. Qxh6) 60... Qa2+ $11 61. Kh3 Qf7 62. Qb8 Bf8 63. Qc8 h5 64. gxh5 Qxh5+ 65. Kg2 Qf7 66. g4 Bb4 67. Kh3 Bf8 68. Qb8 Qe7 69. Qc8 Qf7 70. Qd8 Be7 71. Qc7 Bf8 72. Qb8 Qe7 73. Ng3 Qd7 $2 (73... c5 $11) 74. Nh5+ $16 Kf7 75. Nxf6 $1 {[%emt 0:00:00][%mdl 64] Deflection, Decoy} Kxf6 $2 (75... Qd6 76. Qxd6 Bxd6) 76. Qxf8+ {[%emt 0:00:00] KQ-KQ. White is clearly winning.} Qf7 77. Qd6+ Kg7 78. Qxe5+ Kh7 79. Kg3 Qb3 80. Qf6 {[%emt 0:00:18] Threatening mate with Qg6+.} Qg8 {[%emt 0:00:00] Prevents Qg6+.  Weighted Error Value: White=0.26 (precise) /Black=0.24 (precise)} 1-0

[Event "3rd Caraca Open 2022"]
[Site "Catas Altas"]
[Date "2022.07.10"]
[Round "7.3"]
[White "Goncalves, Andre Luiz Sampaio"]
[Black "Diamant, Andre"]
[Result "0-1"]
[ECO "A47"]
[WhiteElo "1929"]
[BlackElo "2538"]
[Annotator "TA"]
[PlyCount "66"]
[EventDate "2022.06.28"]
[EventCountry "BRA"]
[SourceTitle "playchess.com"]
[Source "ChessBase"]
[SourceQuality "1"]
[TimeControl "900+5"]

1. d4 Nf6 2. Nf3 e6 3. e3 b6 4. Bd3 Bb7 5. Nbd2 g6 6. Qe2 {[%emt 0:00:08] A47: 1 d4 Nf6 2 Nf3 b6: Torre, London and Colle Systems.} Bg7 7. O-O O-O 8. c3 {[%emt 0:00:29] The position is equal.} d6 {[%emt 0:00:08] [#]} 9. h3 $146 ({Predecessor:} 9. e4 Nbd7 10. e5 dxe5 11. dxe5 Ng4 12. h3 Ngxe5 13. Nxe5 Nxe5 14. Bc2 Qf6 15. Be4 Bxe4 16. Nxe4 {0-1 (38) Anders,H-Antz,W freechess.de 2016}) 9... Re8 10. e4 e5 11. Bc2 (11. dxe5 $11 dxe5 12. Nc4) 11... Nbd7 12. dxe5 dxe5 (12... Nxe5 $15 13. Nxe5 Rxe5) 13. Rd1 Qe7 14. Nf1 Nh5 15. Bg5 f6 (15... Ndf6 $11) 16. Bh4 (16. Qc4+ $14 Kh8 17. Be3 (17. Qxc7 Nc5 $11)) 16... Nc5 $11 17. b4 Ne6 18. Ne3 Nhf4 19. Qc4 {[%emt 0:00:30] [#] And now Nxe5 would win.} Qf7 20. Bb3 c6 {[%emt 0:01:13] Inhibits Nd5.} (20... g5 $11 {remains equal.} 21. Bg3 b5 22. Qxb5 Bxe4) 21. Bg3 $16 {[%emt 0:00:44] aiming for Bxf4.} Bf8 (21... Kh8 $16 {was worth a try.}) 22. Rd2 $2 (22. Bxf4 $18 exf4 23. Ng4) 22... a5 $14 23. Rad1 ({White should play} 23. bxa5 $14 b5 24. Qf1) 23... a4 $11 {[%emt 0:01:10] [#] White must now prevent ...b5.} 24. Rd7 (24. Bc2 $1 $11) 24... Re7 $17 25. Rxe7 Qxe7 26. Bc2 Kg7 ({Better is} 26... Qe8 $15 27. Ng4 Nh5) 27. Qf1 (27. b5 $11) 27... Ba6 $36 {[%emt 0:00:12][%mdl 2048] Black is more active.} 28. Qe1 Be2 29. Rd2 (29. Nh4 $17 {is a better defense.} Bxd1 30. Nhf5+ gxf5 31. Nxf5+ Kh8 32. Nxe7 Bxc2 33. Bxf4 Nxf4 34. Nf5) 29... Bxf3 $19 30. gxf3 Nxh3+ {[%emt 0:00:11] Pair of Knights!} 31. Kf1 b5 32. Qd1 {[%emt 0:00:48] Strongly threatening Rd7.} Ra7 {[%emt 0:00:09] Against Rd7} 33. Rd6 $2 (33. a3) 33... Qxd6 {[%emt 0:00:03] What a bad dream for White.  Weighted Error Value: White=0.61/Black=0.25 (precise)} 0-1

[Event "3rd Caraca Open 2022"]
[Site "Catas Altas"]
[Date "2022.07.10"]
[Round "7.5"]
[White "Monteiro, Daniel Zotelli"]
[Black "Gomes, Luiz Alexandre de So"]
[Result "0-1"]
[ECO "B95"]
[WhiteElo "1642"]
[BlackElo "2335"]
[Annotator "RC"]
[PlyCount "75"]
[EventDate "2022.06.28"]
[EventCountry "BRA"]
[SourceTitle "playchess.com"]
[Source "ChessBase"]
[SourceQuality "1"]
[TimeControl "900+5"]

1. e4 c5 2. Nf3 d6 3. d4 cxd4 4. Nxd4 Nf6 5. Nc3 a6 6. Bg5 e6 7. Qd2 Be7 8. Be2 Qc7 9. O-O Nbd7 10. f4 b5 11. Bf3 Bb7 12. Rfe1 Nb6 13. e5 dxe5 14. fxe5 Nfd5 15. Nxd5 Nxd5 16. Bxd5 Bxd5 17. Bxe7 Qxe7 18. c3 O-O 19. a3 Rfd8 20. Qf4 Rac8 21. Qg3 Qb7 22. Re2 a5 23. Rf2 b4 24. axb4 axb4 25. Rc1 Be4 26. Rcf1 Rd7 27. Rf4 bxc3 28. bxc3 Qd5 29. Qe3 Bg6 30. Ne2 h6 31. Rd4 Qc5 32. Rf3 Rdc7 33. h4 Qa5 34. Kh2 Rc5 35. Kg1 R5c7 36. g4 Rc5 37. h5 Rxe5 38. Qd2 0-1